 Dungeon Crawl Stone Soup version 0.17.1-1-g73c8601 (webtiles) character file.

27903 Arkorax the Carver (level 13, -16/129 HPs)
             Began as a Deep Dwarf Warper on Dec 24, 2015.
             Was the Champion of Makhleb.
             Killed from afar by a balrug (23 damage)
             ... with a fireball
             ... summoned by the player character
             ... on level 7 of the Lair of Beasts.
             The game lasted 00:28:15 (14849 turns).

Arkorax the Carver (Deep Dwarf Warper)             Turns: 14849, Time: 00:28:15

Health: -16/129    AC: 23    Str: 19    XL:     13   Next: 6%
Magic:  5/5        EV:  8    Int: 14    God:    Makhleb [******]
Gold:   627        SH:  0    Dex: 13    Spells: 1 memorised, 14 levels left

rFire  . . .     SeeInvis .     D - +2 great sword (freeze)
rCold  + . .     Clarity  .     A - +3 chain mail {rC+}
rNeg   . . .     SustAt   .     (shield currently unavailable)
rPois  +         Gourm    .     K - +0 helmet
rElec  .         Spirit   .     B - +0 cloak
rCorr  .         Warding  .     (no gloves)
rMut   +         Stasis   .     (no boots)
MR     +....                    J - amulet of resist mutation
Stlth  ..........               Y - ring of poison resistance
                                h - +6 ring of protection

@: very slightly contaminated, non-regenerating, hasted, very quick, somewhat
resistant to hostile enchantments, extremely unstealthy
A: damage resistance, recharge devices, sense surroundings 2, slow regeneration
3
a: Device Recharging, Minor Destruction, Lesser Servant of Makhleb, Major
Destruction, Greater Servant of Makhleb, Renounce Religion


You were on level 7 of the Lair of Beasts.
You worshipped Makhleb.
Makhleb was exalted by your worship.
You were not hungry.

You visited 2 branches of the dungeon, and saw 18 of its levels.

You collected 967 gold pieces.
You spent 340 gold pieces at shops.

Inventory:

Hand Weapons
 D - a +2 great sword of freezing (weapon)
Missiles
 e - 5 tomahawks of dispersal (quivered)
 v - 6 tomahawks
Armour
 A - a +3 chain mail of cold resistance (worn)
 B - a +0 cloak (worn)
 K - a +0 helmet (worn)
Jewellery
 a - an uncursed ring of ice
 h - a +6 ring of protection (left hand)
 J - an amulet of resist mutation (around neck)
 Y - a ring of poison resistance (right hand)
Wands
 f - a wand of heal wounds (2)
 y - a wand of fireball (0)
 E - a wand of digging (7)
 G - a wand of frost (35)
 P - a wand of confusion (26)
 V - a wand of enslavement (10)
 Z - a wand of confusion (25)
Scrolls
 i - a scroll of fog
 p - 2 scrolls of fear
 q - 10 scrolls of remove curse
 r - 4 scrolls of identify
 z - 4 scrolls of amnesia
 H - 2 scrolls of magic mapping
 I - a scroll of teleportation
 W - a scroll of enchant armour
Potions
 b - a potion of lignification {unknown}
 j - 9 potions of curing
 n - a potion of might {unknown}
 o - 3 potions of flight
 t - a potion of resistance {unknown}
 u - 2 potions of degeneration {unknown}
 w - 2 potions of brilliance {unknown}
 F - 4 potions of heal wounds
 N - a potion of ambrosia {unknown}
 O - a potion of mutation {unknown}
 Q - a potion of poison {unknown}
 R - a potion of agility
 T - a potion of cancellation
 X - a potion of magic {unknown}
Books
 c - a book of Spatial Translocations

   Spells                             Type                      Level
   a - Apportation                    Translocation                1
   b - Blink                          Translocation                2
   c - Shroud of Golubria             Charms/Translocation         2
   d - Portal Projectile              Translocation                3
   e - Teleport Other                 Translocation                3
   f - Passage of Golubria            Translocation                4
 l - a book of Changes

   Spells                             Type                      Level
   a - Beastly Appendage              Transmutation                1
   b - Sticks to Snakes               Transmutation                2
   c - Spider Form                    Transmutation/Poison         3
   d - Ice Form                       Ice/Transmutation            4
   e - Blade Hands                    Transmutation                5
 M - a book of Party Tricks

   Spells                             Type                      Level
   a - Summon Butterflies             Summoning                    1
   b - Apportation                    Translocation                1
   c - Tukima's Dance                 Hexes                        3
   d - Alistair's Intoxication        Transmutation/Poison         4
   e - Invisibility                   Hexes                        6
 S - a book of the Earth

   Spells                             Type                      Level
   a - Leda's Liquefaction            Hexes/Earth                  4
   b - Bolt of Magma                  Conjuration/Fire/Earth       5
   c - Statue Form                    Transmutation/Earth          6
   d - Iron Shot                      Conjuration/Earth            6
   e - Shatter                        Earth                        9
Comestibles
 g - 2 bread rations
 k - a slice of pizza
 m - 29 fruits
 x - 3 beef jerkies
 C - 2 meat rations


   Skills:
 - Level 12.0 Fighting
 + Level 14.9 Long Blades
 - Level 0.8 Throwing
 + Level 9.2 Armour
 - Level 2.1 Dodging
 - Level 1.7 Spellcasting
 - Level 3.2 Translocations
 * Level 6.2 Invocations


You had 14 spell levels left.
You knew the following spells:

 Your Spells              Type           Power        Failure   Level  Hunger
a - Apportation           Tloc           ##........   58%         1    ##.....


Dungeon Overview and Level Annotations

Branches:
Dungeon (11/15)            Temple (0/1) D:4            Lair (7/8) D:8
  Swamp (0/4) Lair:3        Snake (0/4) Lair:5
  Slime: Lair:6-8       Orc: D:9-12

Altars:
Cheibriados
Dithmenos
Fedhas
Gozag
Kikubaaqudgha
Makhleb
Qazlal
Sif Muna
Zin

Shops:
D:8 [   D:10 [

Annotations:
D:9 Blork the orc


Innate Abilities, Weirdness & Mutations

You are resistant to damage.
You can recharge devices by infusing magical energy.
You passively map the area around you.
You do not regenerate naturally.


Message History

The eight-headed hydra bites you.
* * * LOW HITPOINT WARNING * * *
The balrug hits you with a demon whip!
* * * LOW HITPOINT WARNING * * *
You are engulfed in flames!!
* * * LOW HITPOINT WARNING * * *
Unknown command.
A black mamba comes into view.
The black mamba hisses angrily.
Read which item? (? for menu, Esc to quit)
Blink to where?
Press: ? - help, Dir - move target cursor You are very lightly contaminated with residual magic.
As you read the scroll of blinking, it crumbles to dust.
Found a scroll of magic mapping.
Drink which item? (? for menu, Esc to quit)
You feel yourself speed up. The balrug gestures at you.
The fireball explodes!
The fireball engulfs you!
You die...

.............. , ,
........................
,
.....................?..
, ,
........................
, ,
........................
,,
........................
,
............^...........
,, ,
........................
, , ##.............#@#*
* , , #..###..........##
* * #####...........# ,
##.........## ,,
##........P# ,,, , ###
#..........# * *, ,,
P.###....D2...P#, *
...#.....2....##, , , ,
> ..............., , , ,


You could see a balrug, an eight-headed hydra and a friendly green death.

Vanquished Creatures
  Erolcha (D:9)
  Fannar (Lair:3)
  A hydra (Lair:5)
  2 catoblepae
  A death yak (Lair:6)
  Urug (Lair:3)
  Nergalle (Lair:2)
  The ghost of Musteatbrain the Skirmisher, a novice DsFi of Okawaru (D:8)
  Pikel (D:4)
  5 elephants (Lair:6)
  4 black mambas
  3 spiny frogs
  5 komodo dragons
  A polar bear (Lair:6)
  Grinder (D:3)
  8 blink frogs
  A two-headed ogre (D:10)
  22 yaks
  A wyvern (D:9)
  3 deep elf magi
  A basilisk (Lair:4)
  Eustachio (D:4)
  5 wolves (Lair:5)
  4 nagas (Lair:5)
  Edmund (D:5)
  5 hippogriffs
  6 swamp worms (Lair:3)
  6 water moccasins
  8 porcupines
  3 ice beasts
  Duvessa (D:5)
  2 black bears
  A slave (D:4)
  5 ogres
  An orc warrior (D:6)
  3 necrophages
  A sky beast (D:8)
  A wasp (Lair:3)
  The ghost of Musteatbrain the Skirmisher, an amateur DsFi (D:3)
  7 centaurs
  10 giant frogs
  6 crocodiles
  2 big kobolds (D:10)
  Dowan (D:5)
  4 scorpions
  A wyvern skeleton (D:10)
  A vampire bat (Lair:5)
  A water moccasin skeleton (D:10)
  11 killer bees
  4 wights (D:7)
  3 electric eels
  5 hounds
  2 centaur zombies
  2 crimson imps
  3 giant frog skeletons
  2 orc priests (D:6)
  8 orc wizards
  6 iguanas
  13 worker ants
  10 sheep
  A hound zombie (D:6)
  A hound skeleton (D:4)
  3 gnolls (D:3)
  A worker ant zombie (D:9)
  8 adders
  12 river rats
  2 shadow imps
  An ooze (D:5)
  2 adder zombies
  3 adder skeletons
  2 worms
  3 giant geckos
  29 orcs
  18 bats
  7 giant cockroaches
  5 hobgoblins
  14 kobolds
  3 quokkas
  2 giant gecko skeletons
  A giant gecko zombie (D:6)
  7 giant newts
  10 goblins
  8 jackals
  A jackal skeleton (D:7)
  10 rats
  A plant (Lair:3)
377 creatures vanquished.

Vanquished Creatures (collateral kills)
  A hydra (Lair:2)
1 creature vanquished.

Vanquished Creatures (others)
  Menkaure (D:5)
  An orc priest (D:5)
  2 orc wizards
  3 orcs
  2 fungi
  A plant (Lair:2)
10 creatures vanquished.

Grand Total: 388 creatures vanquished

Notes
Turn   | Place    | Note
--------------------------------------------------------------
     0 | D:1      | Arkorax the Deep Dwarf Warper began the quest for the Orb.
     0 | D:1      | Reached XP level 1. HP: 19/19 MP: 3/3
   296 | D:1      | Reached XP level 2. HP: 26/26 MP: 4/4
   822 | D:2      | Found a snail-covered altar of Cheibriados.
   939 | D:2      | Reached XP level 3. HP: 22/33 MP: 5/5
   994 | D:2      | Found a burning altar of Makhleb.
  1010 | D:2      | Became a worshipper of Makhleb the Destroyer
  1317 | D:2      | Reached XP level 4. HP: 32/42 MP: 6/6
  1813 | D:3      | Reached * piety under Makhleb
  1875 | D:3      | Noticed Musteatbrain's ghost (amateur DsFi)
  1909 | D:3      | Killed Musteatbrain's ghost
  1909 | D:3      | Reached skill level 4 in Long Blades
  1909 | D:3      | Reached XP level 5. HP: 34/50 MP: 7/7
  2190 | D:3      | Noticed Grinder
  2195 | D:3      | Paralysed by Grinder for 3 turns
  2199 | D:3      | Paralysed by Grinder for 2 turns
  2225 | D:3      | Paralysed by Grinder for 7 turns
  2243 | D:3      | Killed Grinder
  2243 | D:3      | Reached skill level 5 in Long Blades
  2243 | D:3      | Reached XP level 6. HP: 43/58 MP: 8/8
  2383 | D:3      | Found an opulent altar of Gozag.
  2837 | D:4      | Reached skill level 5 in Fighting
  2857 | D:4      | Reached XP level 7. HP: 52/67 MP: 8/8
  3022 | D:4      | Reached ** piety under Makhleb
  3045 | D:4      | Found a staircase to the Ecumenical Temple.
  3238 | D:4      | Noticed Eustachio
  3312 | D:4      | Killed Eustachio
  3312 | D:4      | Reached skill level 6 in Long Blades
  3563 | D:5      | Entered Level 5 of the Dungeon
  3563 | D:5      | Noticed Pikel
  3564 | D:5      | Noticed Menkaure
  3631 | D:4      | Killed Pikel
  3631 | D:4      | Reached skill level 7 in Long Blades
  3631 | D:4      | Reached XP level 8. HP: 69/78 MP: 7/7
  3667 | D:5      | Killed Menkaure
  3794 | D:5      | Noticed Edmund
  3842 | D:5      | Killed Edmund
  3903 | D:5      | Reached skill level 8 in Long Blades
  4114 | D:5      | Noticed Duvessa
  4114 | D:5      | Noticed Dowan
  4158 | D:5      | Killed Duvessa
  4171 | D:5      | Killed Dowan
  4845 | D:6      | Gained mutation: You passively map the area around you. [Deep Dwarf growth]
  4845 | D:6      | Reached XP level 9. HP: 83/88 MP: 6/6
  5104 | D:6      | Reached *** piety under Makhleb
  5124 | D:6      | Found a shadowy altar of Dithmenos.
  5156 | D:6      | Reached skill level 9 in Long Blades
  5881 | D:7      | Reached skill level 10 in Long Blades
  5911 | D:7      | Reached **** piety under Makhleb
  6210 | D:8      | Found a blossoming altar of Fedhas.
  6280 | D:8      | Found a staircase to the Lair.
  6304 | D:8      | Reached XP level 10. HP: 88/99 MP: 6/6
  6416 | D:8      | Found Neram's Armour Emporium.
  6500 | D:8      | Bought a +3 chain mail of cold resistance for 291 gold pieces
  6500 | D:8      | Bought a +0 cloak for 49 gold pieces
  6980 | D:8      | Noticed Musteatbrain's ghost (novice DsFi)
  7026 | D:8      | Killed Musteatbrain's ghost
  7026 | D:8      | Reached skill level 10 in Fighting
  7209 | D:8      | Reached skill level 11 in Long Blades
  7266 | D:8      | Found a stormy altar of Qazlal.
  7266 | D:8      | Found a glowing silver altar of Zin.
  7417 | D:9      | Noticed Erolcha
  7431 | D:9      | Killed Erolcha
  7452 | D:9      | Reached ***** piety under Makhleb
  7596 | D:9      | Noticed Blork the orc
  7602 | D:9      | Found a deep blue altar of Sif Muna.
  7979 | D:10     | Entered Level 10 of the Dungeon
  8089 | D:10     | Found Nouhosee's Armour Shop.
  8685 | D:11     | Noticed a cyclops
  8742 | D:10     | Reached XP level 11. HP: 101/110 MP: 6/6
  8869 | Lair:1   | Entered Level 1 of the Lair of Beasts
  8888 | Lair:1   | Reached skill level 12 in Long Blades
 10149 | Lair:2   | Noticed a seven-headed hydra
 10185 | Lair:2   | Killed a seven-headed hydra
 10410 | Lair:2   | Noticed Nergalle
 10613 | Lair:2   | Killed Nergalle
 10987 | Lair:2   | Found an ancient bone altar of Kikubaaqudgha.
 11068 | Lair:2   | Reached skill level 13 in Long Blades
 11359 | Lair:2   | Reached ****** piety under Makhleb
 11926 | Lair:3   | Noticed Fannar
 11971 | Lair:3   | Killed Fannar
 11971 | Lair:3   | Reached XP level 12. HP: 61/122 MP: 4/4
 12020 | Lair:3   | Reached skill level 5 in Armour
 12031 | Lair:3   | Noticed Urug
 12095 | Lair:3   | Killed Urug
 12264 | Lair:3   | Found a staircase to the Swamp.
 12558 | Lair:4   | Reached skill level 14 in Long Blades
 13391 | Lair:5   | Found a staircase to the Snake Pit.
 13548 | Lair:5   | Noticed a catoblepas
 13556 | Lair:5   | Killed a catoblepas
 14063 | Lair:6   | Noticed a four-headed hydra
 14079 | Lair:5   | Killed a nine-headed hydra
 14270 | Lair:6   | Reached skill level 5 in Invocations
 14335 | Lair:6   | Reached XP level 13. HP: 77/129 MP: 4/6
 14841 | Lair:7   | Noticed a balrug
 14849 | Lair:7   | Killed from afar by a balrug

Action                   |  1- 3 |  4- 6 |  7- 9 | 10-12 | 13-15 || total
-------------------------+-------+-------+-------+-------+-------++-------
Melee: Falchion          |   178 |   245 |   631 |       |       ||  1054
       Long sword        |       |       |   177 |   964 |       ||  1141
       Great sword       |       |       |       |   285 |    28 ||   313
 Cast: Apportation       |     1 |       |       |       |       ||     1
Invok: Greater Servant o |       |       |       |       |     3 ||     3
 Abil: Device Recharging |       |     1 |     5 |     5 |     1 ||    12
Evoke: Wand              |     1 |     4 |    19 |    40 |     2 ||    66
       Box of beasts     |       |       |       |     7 |       ||     7
  Use: Potion            |       |       |     1 |       |     1 ||     2
       Scroll            |       |       |     9 |    11 |     1 ||    21
 Stab: Distracted        |       |       |     1 |       |       ||     1
  Eat: Bread ration      |     1 |     1 |     2 |     4 |     1 ||     9
       Chunk             |       |     2 |     2 |     3 |       ||     7
       Beef jerky        |       |       |       |     3 |       ||     3
